 Dungeon Crawl Stone Soup version 0.29-a0-844-ge8845773e3 (webtiles) character file.

Game seed: 541923848681781397

2540 Lelling the Magician (level 9, -1/36 (43) HPs)
             Began as a Spriggan Venom Mage on Feb 24, 2021.
             Was a Believer of Fedhas.
             Slain by a wight
             ... wielding a +0 hand axe
              (4 damage)
             ... on level 8 of the Dungeon on Dec 14, 2022.
             The game lasted 01:27:40 (9281 turns).

Lelling the Magician (Spriggan Venom Mage)          Turns: 9281, Time: 01:27:42

HP:   -1/36 (43)    AC:  6    Str:  9    XL:     9   Next: 30%
MP:   20/21         EV: 18    Int: 25    God:    Fedhas [**....]
Gold: 339           SH:  0    Dex: 10    Spells: 10/23 levels left

rFire   . . .      SeeInvis +   D - +9 whip of Callousness {vamp, rC++ Str+5 Dex-4}
rCold   + + .      Faith    .   (no shield)
rNeg    . . .      Spirit   .   a - +0 robe
rPois   .          Reflect  .   (helmet restricted)
rElec   .          Harm     .   q - +1 cloak {rCorr}
rCorr   +          Rampage  .   (gloves unavailable)
Will    +....                   (boots unavailable)
Stlth   +++.......              (no amulet)
HPRegen 0.12/turn               m - +6 ring of intelligence
MPRegen 0.17/turn               g - ring of resist corrosion

@: heavily drained, very quick
A: very small, no large weapons, unfitting armour, see invisible, speed 3,
talons 1, slimy green scales 1, clumsy 1
a: Renounce Religion, Wall of Briars


You were on level 8 of the Dungeon.
You worshipped Fedhas.
Fedhas was pleased with you.
You visited 2 branches of the dungeon, and saw 9 of its levels.
You also visited: Sewer.

You collected 339 gold pieces.

Inventory:

Hand Weapons
 b - a +3 dagger
 e - a +1 short sword
 k - a +1 whip
 p - a +2 quarterstaff of chaos
 u - a +1 trident of venom
 y - a +0 shortbow
 D - the +9 whip of Callousness (weapon) {vamp, rC++ Str+5 Dex-4}
   (You found it on level 5 of the Dungeon)

   It occasionally heals its wielder for a portion of the damage dealt when it
   wounds a living foe.
   Str:       It affects your strength (+5).
   Dex:       It affects your dexterity (-4).
   rC:        It greatly protects you from cold.
 J - a +0 whip of freezing
Missiles
 c - 43 poisoned darts (quivered)
 f - 129 sling bullets
 j - 126 stones
 l - 146 arrows
 E - 2 throwing nets
Armour
 a - a +0 robe (worn)
 q - a +1 cloak of preservation (worn)
Jewellery
 g - a ring of resist corrosion (right hand)
 m - a +6 ring of intelligence (left hand)
 o - an amulet of faith
 x - a ring of protection from cold
Wands
 t - a wand of acid (4)
 z - a wand of mindburst (9)
 G - a wand of paralysis (5)
 I - a wand of flame (19)
Scrolls
 n - 3 scrolls of fear
 C - a scroll of identify
 K - a scroll of enchant armour {unknown}
Potions
 d - 2 potions of lignification
 h - 3 potions of haste
 i - 4 potions of flight
 r - 2 potions of curing
 s - 2 potions of ambrosia
 w - a potion of degeneration
 A - 2 potions of magic
 B - a potion of brilliance {unknown}
 F - 2 potions of might {unknown}


   Skills:
 + Level 2.4 Fighting
 + Level 1.9 Short Blades
 + Level 3.0 Maces & Flails
 + Level 2.3 Polearms
 + Level 6.1 Dodging
 + Level 5.8 Stealth
 + Level 7.6 Spellcasting
 + Level 0.4 Conjurations
 + Level 3.5 Transmutations
 + Level 0.8 Fire Magic
 + Level 3.2 Air Magic
 + Level 5.6 Poison Magic


You had 10 spell levels left.
You knew the following spells:

 Your Spells              Type           Power      Damage    Failure   Level
a - Sting                 Tmut/Pois      100%       1d8       1%          1
b - Poisonous Vapours     Pois/Air       62%        N/A       1%          2
c - Ignite Poison         Fire/Tmut/Pois 26%        N/A       4%          3
d - Mephitic Cloud        Conj/Pois/Air  25%        N/A       5%          3
e - Olgreb's Toxic Radia  Pois           37%        N/A       6%          4

Your spell library contained the following spells:

 Spells                   Type           Power      Damage    Failure   Level
 Confusing Touch          Hex            9%         N/A       19%         3
 Gell's Gravitas          Tloc           9%         N/A       19%         3
 Petrify                  Tmut/Erth      18%        N/A       30%         4
 Yara's Violent Unravell  Hex/Tmut       9%         3d6       63%         5
 Metabolic Englaciation   Hex/Ice        4%         N/A       87%         5


Dungeon Overview and Level Annotations

Branches:
Dungeon (8/15)             Temple (1/1) D:4           Sewer (visited)
   Lair: D:8-11

Altars:
Ashenzari
Cheibriados
Dithmenos
Elyvilon
Fedhas
Gozag
Hepliaklqana
Kikubaaqudgha
Makhleb
Nemelex Xobeh
Okawaru
Qazlal
Ru
Sif Muna
Trog
Uskayaw
Vehumet
Wu Jian
Xom
Yredelemnul
Zin
The Shining One


Innate Abilities, Weirdness & Mutations

You are very small and have problems with some larger weapons.
You are too small for most types of armour.
You have supernaturally acute eyesight. (SInv)
You cover ground extremely quickly. (Speed+++)
You have sharp toenails.
You are partially covered in slimy green scales. (AC +2)
You are clumsy. (Dex -2)


Message History

You hit the wight.
The wight is heavily damaged.
The wight barely misses you. The wight closely misses you.
You closely miss the wight. Your kick misses the wight.
The wight is heavily damaged.
The wight barely misses you.
The wight hits you from afar with a +1 spear of freezing.
You feel drained.
You barely miss the wight.
The wight is heavily damaged.
The wight hits you with a +0 hand axe!
You feel drained.
The wight hits you from afar with a +1 spear of freezing.
You feel drained.
* * * LOW HITPOINT WARNING * * *
Unknown command.
There is an open door here.
Things that are here:
a +0 short sword; a +0 robe
Things that are here:
a +0 mace; a +0 robe
Casting: Ignite Poison (dangerous; 4% risk of failure)
Confirm with . or Enter, or press ? or * to list all spells.
Aiming: Sting (safe; 1% risk of failure)
Press: ? - help, Shift-Dir - straight line, f - wight, p - wight
Aim: a wight, wielding a +0 hand axe and wearing a +0 robe (heavily damaged, 78% to hit)
The sting hits the wight but does no damage.
The wight is heavily damaged.
Throw: boomerang (disperse)
Press: ? - help, Q - select action, (/) - cycle Shift-Dir - straight line, f/p - wight
Aim: a wight, wielding a +0 hand axe and wearing a +0 robe (heavily damaged, 56% to hit)
You throw a boomerang of dispersal.
The boomerang of dispersal closely misses the wight.
The boomerang of dispersal closely misses the wight.
You hit the wight but do no damage. You claw the wight, but do no damage.
The wight is heavily damaged.
The wight hits you with a +0 hand axe!
* * * LOW HITPOINT WARNING * * *
You feel drained.
You die...
Fedhas appreciates your contribution to the ecosystem.

#........# #.######.#
#.######.#
########.....##.#######
#......)...............
#.######......#.######.
#.# #>#...##.# #.#
#........# ######.###
####@##### .........#
#z# ##.###...# ##z##
#.......# ##...##
##..###..# ##....>##
.........# #.......#
##.......###.........#
...........+.........+
###.#...####.........#


You could see 2 wights.

Vanquished Creatures
  Pikel (D:7)
  Eustachio (D:6)
  A sky beast (D:4)
  3 centaurs
  3 ogres
  A phantom (D:3)
  2 lemures (D:7)
  A kobold brigand (D:8)
  3 bullfrogs
  A gnoll sergeant (D:6)
  2 jellies
  2 wights (D:8)
  3 scorpions
  A howler monkey (D:6)
  2 hounds (D:4)
  An orc priest (D:4)
  Crazy Yiuf (D:2)
  3 orc wizards
  2 removed worker ants
  A hound skeleton (D:4)
  A removed worker ant zombie (D:6)
  10 adders
  8 gnolls
  3 river rats
  2 shadow imps
  An ufetubus (D:5)
  An endoplasm (D:2)
  3 worms
  18 orcs
  2 removed leopard geckos (D:5)
  6 ball pythons
  5 giant cockroaches
  6 goblins
  8 hobgoblins
  13 jackals
  2 quokkas
  4 bats
  13 frilled lizards
  A jackal skeleton (D:4)
  10 kobolds
  A quokka skeleton (D:5)
  22 rats
175 creatures vanquished.

Notes
Turn   | Place    | Note
-------+----------+-------------------------------------------
     0 | D:1      | Lelling the Spriggan Venom Mage began the quest for the
                  | Orb.
     0 | D:1      | Reached XP level 1. HP: 9/9 MP: 5/5
   439 | D:1      | Reached XP level 2. HP: 13/13 MP: 3/6
  1146 | D:2      | Reached skill level 3 in Spellcasting
  1476 | D:2      | Reached XP level 3. HP: 13/16 MP: 0/8
  1722 | D:2      | Learned a level 2 spell: Poisonous Vapours
  1726 | D:2      | Learned a level 3 spell: Ignite Poison
  1926 | D:2      | Found a runed translucent door.
  1927 | D:2      | Noticed Crazy Yiuf
  2095 | D:2      | Killed Crazy Yiuf
  2096 | D:2      | Reached XP level 4. HP: 16/21 MP: 0/10
  2323 | D:2      | Gained mutation: You are partially covered in slimy green
                  | scales. (AC +2) [potion of mutation]
  2323 | D:2      | Gained mutation: You are clumsy. (Dex -2) [potion of
                  | mutation]
  2323 | D:2      | Gained mutation: You have sharp toenails. [potion of
                  | mutation]
  2526 | D:2      | Found a glowing golden altar of the Shining One.
  2711 | D:3      | Reached skill level 1 in Short Blades
  3137 | D:3      | Reached XP level 5. HP: 24/24 MP: 6/11
  3344 | D:3      | Reached skill level 4 in Spellcasting
  3392 | D:3      | Learned a level 3 spell: Mephitic Cloud
  3457 | D:3      | Noticed a phantom
  3493 | D:3      | Killed a phantom
  3494 | D:3      | Reached skill level 1 in Air Magic
  4102 | D:4      | Reached XP level 6. HP: 19/28 MP: 8/13
  4203 | D:4      | Found Lijuukuo's Armour Boutique.
  4526 | D:4      | Found a staircase to the Ecumenical Temple.
  4572 | D:4      | Reached skill level 1 in Fighting
  4590 | D:4      | Noticed a sky beast
  4609 | D:4      | Killed a sky beast
  4683 | Temple   | Entered the Ecumenical Temple
  5010 | Temple   | Became a worshipper of Fedhas Madash
  5106 | D:4      | Reached skill level 1 in Polearms
  5106 | D:4      | Reached skill level 5 in Spellcasting
  5106 | D:4      | Reached XP level 7. HP: 23/33 MP: 6/15
  5503 | D:5      | Entered Level 5 of the Dungeon
  5926 | D:5      | Reached skill level 5 in Poison Magic
  5973 | D:5      | Learned a level 4 spell: Olgreb's Toxic Radiance
  6043 | D:5      | Found a glowing drain.
  6081 | Sewer    | Entered a sewer
  6184 | Sewer    | Reached * piety under Fedhas
  6575 | D:5      | Reached skill level 6 in Spellcasting
  6793 | D:5      | Identified a buzzing whip
  7501 | D:6      | Reached XP level 8. HP: 39/39 MP: 9/18
  7624 | D:6      | Noticed Eustachio
  7640 | D:6      | Killed Eustachio
  7640 | D:6      | Reached ** piety under Fedhas
  7856 | D:6      | Reached skill level 1 in Maces & Flails
  7923 | D:6      | Reached skill level 5 in Stealth
  7940 | D:6      | Reached skill level 7 in Spellcasting
  7988 | D:6      | Reached skill level 5 in Dodging
  8355 | D:7      | Found a radiant altar of Vehumet.
  8431 | D:7      | Noticed Pikel
  8441 | D:7      | Killed Pikel
  8442 | D:7      | Reached XP level 9. HP: 32/43 MP: 3/20
  8483 | D:7      | Upgraded the game from 0.27-a0-416-gca2cecf3c0 to
                  | 0.27-a0-604-g29a88b33a7
  8483 | D:7      | Upgraded the game from 0.27-a0-604-g29a88b33a7 to
                  | 0.27-a0-607-g1ad3dbde53
  8483 | D:7      | Upgraded the game from 0.27-a0-607-g1ad3dbde53 to
                  | 0.29-a0-844-ge8845773e3
  9281 | D:8      | Slain by a wight

Illustrated notes

Levels and vault maps discovered:
D:1:      amcnicky_arrival_feature_with_door, layout_basic,
          kennysheep_another_room, chequers_serial_rivers_micro_d,
          grunt_decor_arrowhead, grunt_decor_resistance
D:2:      layout_basic, lemuel_crystal_altar, uniq_crazy_yiuf_cottage
D:3:      layout_loops_corners, grunt_ministairs_10
D:4:      layout_rooms, minmay_temple_entry_crystal_x, serial_shops,
          nicolae_shop_statue_plus
D:5:      layout_gridville, portal_sewer_entry_b
D:6:      layout_loops_ring, abandoned_shop, uniq_eustachio
D:7:      layout_basic, nicolae_ossuary_entry_catacombs, vehumet_altar_wand_db,
          uniq_joseph, uniq_pikel
D:8:      layout_loops_corners, lair_entry_dummy
Temple:   nicolae_temple_the_god_donut

Skill      XL: |  1  2  3  4  5  6  7  8  9 |
---------------+----------------------------+-----
Spellcasting   | 3 4 5 6 7 |  7.6
Dodging        | 3 5 6 |  6.1
Transmutations | 2 3 |  3.5
Short Blades   | 1 |  1.9
Air Magic      | 1 2 3 |  3.2
Poison Magic   | 4 5 |  5.6
Fighting       | 1 2 |  2.4
Polearms       | 1 2 |  2.3
Stealth        | 4 5 |  5.8
Maces & Flails | 2 3 |  3.0
Conjurations   | |  0.4
Fire Magic     | |  0.8

Action                   |  1- 3 |  4- 6 |  7- 9 || total
-------------------------+-------+-------+-------++-------
Melee: Unarmed           |     5 |       |       ||     5
       Short sword       |    41 |    61 |       ||   102
       Dagger            |       |    43 |       ||    43
       Kick              |       |    15 |    56 ||    71
       Trident           |       |    27 |    91 ||   118
       Whip              |       |       |   162 ||   162
       Punch             |       |       |     2 ||     2
 Fire: Shortbow          |       |       |     7 ||     7
Throw: Boomerang         |       |       |     4 ||     4
 Cast: Sting             |    39 |       |     1 ||    40
       Poisonous Vapours |    13 |    45 |    37 ||    95
       Ignite Poison     |     1 |     1 |     7 ||     9
       Mephitic Cloud    |       |       |     7 ||     7
       Olgreb's Toxic Ra |       |       |     1 ||     1
  Use: Scroll            |     6 |     5 |     7 ||    18
       Potion            |     1 |     3 |     6 ||    10
 Stab: Sleeping          |       |     2 |     6 ||     8
       Distracted        |       |     1 |     1 ||     2
       Confused          |       |       |     2 ||     2
       Fleeing           |       |       |     1 ||     1
Armor: Robe              |    11 |    21 |    39 ||    71
Dodge: Dodged            |    52 |   122 |   229 ||   403

Table legend: (Time is in decaauts)
 A = Elapsed time spent in this place.
 B = Non-inter-level travel time spent in this place.
 C = Inter-level travel time spent in this place.
 D = Time resting spent in this place.
 E = Time spent auto-exploring this place.
 F = Levels seen in this place.
 G = Mean time per level.
                   A        B        C        D        E       F      G
               +--------+--------+--------+--------+--------+-----+--------+
         Total |   6646 |   6645 |      1 |   1480 |    545 |  10 |  664.6 |
       Dungeon |   6044 |   6043 |      1 |   1480 |    425 |   8 |  755.5 |
        Temple |    242 |    242 |      0 |      0 |     62 |   1 |  242.0 |
         Sewer |    359 |    359 |      0 |      0 |     57 |   1 |  359.0 |
               +--------+--------+--------+--------+--------+-----+--------+

Top non-repeatable levels by time:
     D:2: 1137 daAuts
     D:5: 1058 daAuts
     D:3: 913 daAuts
     D:4: 849 daAuts
     D:1: 835 daAuts
     D:6: 625 daAuts
     D:8: 407 daAuts
   Sewer: 359 daAuts
  Temple: 242 daAuts
     D:7: 218 daAuts
